 Dungeon Crawl Stone Soup version 0.30-a0-321-gf7783e6616 (webtiles) character file.

Game seed: 10599639665609397305

253116 MrRokkomies the Deadly Accurate (level 18, -1/174 HPs)
             Began as an Armataur Gladiator on Oct 26, 2022.
             Was a Priest of Yredelemnul.
             Slain by a +1 halberd of protection (10 damage)
             ... animated by Zenata
             ... on level 1 of the Vaults on Oct 27, 2022.
             The game lasted 02:02:40 (31602 turns).

MrRokkomies the Deadly Accurate (AtGl)             Turns: 31602, Time: 02:02:45

Health: -1/174     AC: 31    Str: 25    XL:     18   Next: 98%
Magic:  21/28      EV: 10    Int: 12    God:    Yredelemnul [***...]
Gold:   513        SH:  0    Dex: 23    Spells: 17/17 levels left

rFire   + + .      SeeInvis +    a - +5 lajatang (elec)
rCold   . . .      Faith    .    (shield currently unavailable)
rNeg    . . .      Spirit   .    Y - +2 chain mail {Will+}
rPois   +          Reflect  .    c - +2 helmet
rElec   +          Harm     .    z - scarf {rC+ rF+}
rCorr   .          Roll     +    P - +2 pair of gloves "Husom" {rF+ rC- Dex+8}
Will    ++...                    x - +4 barding
Stlth   ..........               k - amulet of regeneration
HPRegen 1.29/turn                K - ring of the Median {Fly rElec rPois Int+4 SInv}
MPRegen 0.21/turn                L - +4 ring of slaying

@: flying
A: large, rugged brown scales 3, deformed body, armoured tail, roll, long
tongue, awkward tongue
}: 2/15 runes: decaying, gossamer
a: Renounce Religion, Recall Undead Harvest, Dark Bargain


You were on level 1 of the Vaults.
You worshipped Yredelemnul.
Yredelemnul was pleased with you.
You visited 7 branches of the dungeon, and saw 32 of its levels.
You also visited: Sewer.

You collected 4477 gold pieces.
You spent 3964 gold pieces at shops.

Inventory:

Hand Weapons
 a - a +5 lajatang of electrocution (weapon)
 b - the +5 glaive of the Guard {elec, spectral, AC+5}
   (You bought it in a shop on level 2 of the Orcish Mines)

   It occasionally discharges a powerful burst of electricity upon striking a
   foe.
   When it strikes, its spirit leaps out and fights alongside the wielder.
   AC:        It affects your AC (+5).
 I - the +10 trident "Ydisam" {vamp, Int+3}
   (You found it on level 6 of the Dungeon)

   It occasionally heals its wielder for a portion of the damage dealt when it
   wounds a living foe.
   Int:       It affects your intelligence (+3).
Missiles
 d - 2 throwing nets
 e - 17 javelins
 f - 3 curare-tipped darts
 M - 32 boomerangs (quivered)
 W - 6 silver boomerangs
Armour
 c - a +2 helmet (worn)
 x - a +4 barding (worn)
 z - a scarf of resistance (worn)
 P - the +2 pair of gloves "Husom" (worn) {rF+ rC- Dex+8}
   (You acquired it on level 15 of the Dungeon)

   Dex:       It affects your dexterity (+8).
   rF:        It protects you from fire.
   rC:        It makes you vulnerable to cold.
 Y - a +2 chain mail of willpower (worn)
Jewellery
 k - an amulet of regeneration (around neck)
 t - a ring of positive energy
 K - the ring of the Median (left hand) {Fly rElec rPois Int+4 SInv}
   (You acquired it on level 2 of the Spider Nest)

   [ring of see invisible]

   Int:       It affects your intelligence (+4).
   rElec:     It insulates you from electricity.
   rPois:     It protects you from poison.
   SInv:      It lets you see invisible.
   Fly:       It grants you flight.
 L - a +4 ring of slaying (right hand)
 O - a ring of resist corrosion
 Z - a ring of protection from cold
Wands
 p - a wand of flame (43)
 r - a wand of digging (2)
 R - a wand of iceblast (16)
 S - a wand of mindburst (22)
 V - a wand of polymorph (11)
Scrolls
 n - 12 scrolls of teleportation
 o - 2 scrolls of blinking
 v - 17 scrolls of identify
 y - 4 scrolls of poison
 H - 6 scrolls of enchant armour
 J - 5 scrolls of magic mapping
 N - 3 scrolls of butterflies
 Q - 3 scrolls of immolation
 U - 2 scrolls of summoning
Potions
 g - 6 potions of haste
 h - a potion of cancellation
 i - a potion of invisibility
 j - 3 potions of resistance
 m - 8 potions of lignification
 q - 6 potions of might
 s - 2 potions of heal wounds
 u - 3 potions of mutation
 w - 4 potions of ambrosia
 A - 12 potions of curing
 B - 4 potions of brilliance
 D - 4 potions of berserk rage
 E - 5 potions of magic
 F - 3 potions of attraction
 T - 6 potions of flight
Miscellaneous
 l - a condenser vane
 C - a phial of floods
 G - a box of beasts
 X - a lightning rod (3/4)


   Skills:
 + Level 15.1 Fighting
 * Level 6.2(10.4) Polearms
 - Level 14.0(14.6) Staves
 * Level 15.7 Throwing
 + Level 13.8 Armour
 - Level 8.5 Dodging
 + Level 14.4 Invocations
 - Level 8.0 Evocations


You had 17 spell levels left.
You didn't know any spells.
Your spell library contained the following spells:

 Spells                   Type           Power      Damage    Failure   Level
 Apportation              Tloc           0%         N/A       80%         1
 Freeze                   Ice            0%         1d3       80%         1
 Slow                     Hex            0%         N/A       80%         1
 Cigotuvi's Dreadful Rot  Necr/Pois/Air  0%         N/A       91%         2
 Poisonous Vapours        Pois/Air       0%         N/A       91%         2
 Sublimation of Blood     Necr           0%         N/A       91%         2
 Wereblood                Tmut           0%         N/A       91%         2
 Confusing Touch          Hex            0%         N/A       99%         3
 Frozen Ramparts          Ice            0%         1d1       99%         3
 Gell's Gravitas          Tloc           0%         N/A       99%         3
 Hailstorm                Conj/Ice       0%         3d3       99%         3
 Lesser Beckoning         Tloc           0%         N/A       99%         3
 Mephitic Cloud           Conj/Pois/Air  0%         N/A       99%         3
 Teleport Other           Tloc           0%         N/A       99%         3
 Vampiric Draining        Necr           0%         2d6       99%         3
 Dispel Undead            Necr           0%         3d6       100%        4
 Passage of Golubria      Tloc           0%         N/A       100%        4
 Petrify                  Tmut/Erth      0%         N/A       100%        4
 Alistair's Intoxication  Tmut/Pois      0%         N/A       100%        5
 Metabolic Englaciation   Hex/Ice        0%         N/A       100%        5
 Silence                  Hex/Air        0%         N/A       100%        5
 Summon Forest            Summ/Tloc      0%         N/A       100%        5
 Eringya's Noxious Bog    Tmut/Pois      0%         N/A       100%        6
 Statue Form              Tmut/Erth      0%         N/A       100%        6
 Summon Hydra             Summ           0%         N/A       100%        7
 Lehudib's Crystal Spear  Conj/Erth      0%         10d2      100%        8
 Death Channel            Necr           Unusable   N/A       N/A         6

Dungeon Overview and Level Annotations

Branches:
Dungeon (15/15)            Temple (1/1) D:6            Lair (5/5) D:8
  Swamp (4/4) Lair:3       Spider (4/4) Lair:3        Slime (0/5) Lair:5
    Orc (2/2) D:10            Elf (0/3) Orc:2        Vaults (1/5) D:14
 Depths (0/4) D:15          Sewer (visited)

Altars:
Ashenzari
Cheibriados
Dithmenos
Elyvilon
Fedhas
Gozag
Hepliaklqana
Kikubaaqudgha
Makhleb
Nemelex Xobeh
Okawaru
Qazlal
Ru
Sif Muna
Trog
Uskayaw
Vehumet
Wu Jian
Xom
Yredelemnul
Zin
The Shining One

Shops:
D:3 (::   D:7 :   D:12 :   Orc:2 [!((

Portals:
Trove: D:15 (give +5 ice dragon scales)

Annotations:
D:14 1 runed translucent door, Qetzeseq's ghost, journeyman MeCj
Lair:4 3 runed translucent doors, Kirkhe's ghost, journeyman DsIE
Spider:1 Roxanne
Spider:3 2 transporters, Tacil's ghost, adept DsGl
Vaults:1 Zenata


Innate Abilities, Weirdness & Mutations

You are completely covered in rugged brown scales. (AC +3, +7% HP)
Armour fits poorly on your strangely shaped body.
You have a long armoured tail.
You roll when moving toward enemies. (Rampage)
Your long tongue fully drains potion bottles. (2x potion effects)
Your tongue gives you trouble enunciating. (1.5x scroll delay)


Message History

The +1 scimitar of holy wrath completely resists.
The +1 scimitar of holy wrath is moderately damaged.
The thunderbolt hits the +1 halberd of protection.
The +1 halberd of protection completely resists.
The thunderbolt hits Zenata but does no damage.
Zenata is moderately wounded.
The thunderbolt hits the deep troll.
The deep troll is lightly wounded.
The +1 scimitar of holy wrath is engulfed in blazing flames.
The +1 scimitar of holy wrath hits you but does no damage.
The +4 short sword of protection is engulfed in blazing flames.
The +4 short sword of protection hits you.
The centaur warrior is engulfed in blazing flames.
Flame seeps out of the centaur warrior.
The +1 scimitar of holy wrath hits you!!
The +4 short sword of protection hits you but does no damage.
The +1 halberd of protection is engulfed in blazing flames.
The +1 halberd of protection hits you but does no damage.
Zenata points at you and mumbles some strange words.
A blast of power from the earth and the adjacent constructs strikes you!
* * * LOW HITPOINT WARNING * * *
Your slime creature zombie hits the +4 short sword of protection.
The deep troll is engulfed in blazing flames.
The centaur warrior is engulfed in blazing flames. x2
The centaur warrior explodes!
The fiery explosion engulfs the centaur warrior!!!
You kill the centaur warrior!
The fiery explosion engulfs your spectral centaur warrior!!!
Your spectral centaur warrior is severely damaged.
The fiery explosion engulfs the +1 halberd of protection but does no damage.
The +1 halberd of protection is lightly damaged.
The fiery explosion engulfs the deep troll!!
The deep troll is severely wounded.
The +1 scimitar of holy wrath hits you.
* * * LOW HITPOINT WARNING * * *
The +4 short sword of protection is engulfed in blazing flames.
The +4 short sword of protection hits you but does no damage.
The +1 halberd of protection hits you from afar!
You die...
Your body rises from the dead as a mindless zombie.

#....#Z#....#
#.. ##.##...#
# ##...##..#
# ##.....##.#
#.#.......#.#
#.##.....##.#
#..##...##..#
#...##.##...#
#...@#.#....#
#..§((Z.....#
####(########
.§§a


.Z.ZTT O....O... ......... .......... ....... You could see Zenata (inner flame,
possessable), an ironbound thunderhulk (inner flame), 2 deep trolls, a spectral
centaur warrior, 3 dancing weapons and a friendly slime creature zombie (inner
flame).

Vanquished Creatures
  Nikola (Spider:3)
  Rupert (Lair:4)
  A sphinx (Vaults:1)
  2 thorn hunters (Swamp:4)
  Kirke (Swamp:3)
  Donald (Swamp:3)
  A fenstrider witch (Swamp:3)
  2 emperor scorpions
  An orc warlord (Orc:2)
  Aizul (Swamp:3)
  4 ghost moths
  An ironbound preserver (Vaults:1)
  A broodmother (Spider:3)
  Nessos (Lair:4)
  2 eleionomae
  A dire elephant (D:15)
  6 bunyips
  A spark wasp (Spider:3)
  2 ettins
  7 hydras
  A vault guard (D:14)
  3 ogre magi (D:15)
  An ironbound frostheart (Vaults:1)
  4 jorogumos
  A catoblepas (Lair:5)
  2 alligators
  Erica (D:8)
  A spriggan air mage (Swamp:3)
  7 centaur warriors
  A deep troll shaman (Lair:5)
  A ghost crab (Swamp:1)
  2 radroaches
  4 boulder beetles
  3 death scarabs (Spider:4)
  11 two-headed ogres
  A tengu warrior (D:15)
  2 death yaks (Lair:5)
  3 orc high priests (Orc:2)
  3 spriggan berserkers
  Urug (Orc:1)
  Nergalle (Lair:2)
  Lodul (D:13)
  A death drake (Swamp:4)
  A fire crab (D:14)
  5 pharaoh ants
  6 skeletal warriors
  3 sun moths
  3 spriggan riders
  3 deep trolls (Vaults:1)
  7 swamp dragons
  5 goliath frogs
  6 steelbarb worms
  5 spriggan druids
  An orb spider (Spider:4)
  3 bog bodies
  2 deep elf pyromancers
  4 orc knights
  4 harpies (Vaults:1)
  11 wolf spiders
  A wolf spider zombie (Spider:4)
  3 orc sorcerers (Orc:2)
  A salamander (shapeshifter) (D:14)
  2 will-o-the-wisps
  A salamander (D:15)
  18 elephants
  4 cyclopes
  2 moths of wrath
  2 black mambas (Lair:5)
  7 centaur zombies (D:13)
  2 ugly things
  2 torpor snails
  3 kobold demonologists (D:11)
  A gargoyle (D:14)
  A vault sentinel (Vaults:1)
  A spectral redback (Spider:4)
  2 komodo dragons (shapeshifter) (D:14)
  2 cane toads
  An unseen horror (D:12)
  2 rime drakes
  4 demonic crawlers
  A tengu conjurer (D:15)
  A yaktaur (Vaults:1)
  A freezing wraith (Vaults:1)
  8 komodo dragons
  A spectral two-headed ogre (Orc:2)
  A queen bee (Spider:3)
  5 polar bears
  6 trolls
  9 meliai
  17 tarantellas
  5 slime creatures
  6 tyrant leeches
  9 blink frogs
  A bloated husk (Swamp:1)
  2 hornets
  A spectral tarantella (Spider:4)
  3 dream sheep (Lair:5)
  22 jumping spiders
  A meliai zombie (D:13)
  A vampire (D:13)
  3 wyverns
  11 culicivoras
  4 spriggans
  7 hogs (Swamp:3)
  A water elemental (D:12)
  A wraith (D:12)
  28 yaks
  Eustachio (D:6)
  11 vampire mosquitoes
  20 redbacks
  3 wargs (Orc:2)
  19 swamp worms
  Edmund (D:6)
  An acid dragon (D:12)
  Duvessa (D:7)
  12 water moccasins
  34 orc warriors
  8 swamp drakes
  An ice beast (D:5)
  A black bear (Lair:5)
  A black bear (shapeshifter) (D:14)
  2 sky beasts
  18 ogres
  8 wolves
  14 centaurs
  Blork the orc (D:4)
  11 kobold brigands
  6 bullfrogs
  A scorpion (D:6)
  A gnoll sergeant (D:10)
  Dowan (D:7)
  5 wights (D:9)
  19 killer bees
  4 howler monkeys (D:10)
  7 electric eels
  3 hounds
  Crazy Yiuf (D:2)
  25 orc priests
  2 gnoll boudas
  2 boggart zombies (D:13)
  4 iguanas
  21 orc wizards
  3 spectral orcs
  12 gnolls
  6 adders
  2 shadow imps
  An ufetubus (D:6)
  3 worms (Spider:3)
  3 dart slugs
  106 orcs
  3 endoplasms
  6 goblins
  4 hobgoblins
  4 jackals (D:4)
  47 kobolds
  2 quokkas
  9 ball pythons
  3 bats (D:3)
  4 frilled lizards
  12 orc zombies
  8 rats
  8 briar patches
897 creatures vanquished.

Vanquished Creatures (collateral kills)
  Mara (Swamp:3)
  An emperor scorpion (Spider:1)
  A broodmother (Spider:3)
  A dire elephant (Lair:5)
  2 bunyips (Swamp:4)
  2 entropy weavers (Spider:4)
  11 hydras
  2 centaur warriors
  4 boulder beetles
  A radroach (Spider:4)
  An ironbound frostheart (Vaults:1)
  A spectral emperor scorpion (Spider:4)
  7 two-headed ogres
  6 death scarabs
  A death yak (Lair:5)
  2 orc high priests (Orc:2)
  7 skeletal warriors (D:13)
  2 deep trolls (Vaults:1)
  3 pharaoh ants
  2 orb spiders (Spider:3)
  A bog body (Swamp:4)
  2 steelbarb worms
  An ironbound convoker (Vaults:1)
  A spectral jorogumo (Spider:4)
  8 swamp dragons (Swamp:4)
  A necromancer (Vaults:1)
  9 wolf spiders
  2 moths of wrath (Spider:4)
  4 elephants
  A black mamba (Lair:5)
  2 centaur zombies (D:13)
  2 torpor snails
  A kobold demonologist (D:12)
  A freezing wraith (D:15)
  2 spectral redbacks (Spider:4)
  2 komodo dragons
  3 demonic crawlers
  3 meliai (Spider:3)
  A hornet (Swamp:2)
  4 dream sheep (Lair:5)
  5 slime creatures
  2 spectral jumping spiders (Spider:4)
  2 spectral tarantellas (Spider:4)
  3 tyrant leeches (Swamp:1)
  5 tarantellas
  A blink frog (Lair:5)
  A meliai zombie (D:13)
  3 tarantella zombies (Spider:4)
  2 jumping spider zombies (Spider:4)
  15 jumping spiders
  8 culicivoras
  10 yaks
  2 spriggans
  A vampire (D:13)
  A basilisk (D:13)
  19 redbacks
  4 vampire mosquitoes
  5 swamp worms
  A water moccasin (Lair:5)
  2 orc warriors (Orc:2)
  A swamp drake (Swamp:4)
  5 ogres
  A wolf (Lair:4)
  9 centaurs
  2 killer bees
  An electric eel (Lair:5)
  3 orc priests (Orc:2)
  3 orc wizards (Orc:2)
  A worm (Spider:3)
  12 orcs
  4 kobolds (D:12)
243 creatures vanquished.

Vanquished Creatures (others)
  A spectral tengu (Spider:4)
  A guardian serpent zombie (Swamp:3)
  2 spectral hydras
  A bunyip zombie (Swamp:1)
  3 wolf spider zombies
  2 death scarab zombies (Spider:4)
  A swamp worm zombie (Swamp:3)
  3 steelbarb worm zombies
  An unseen horror zombie (D:12)
  9 redback zombies
  3 harpy zombies (Vaults:1)
  6 hydra zombies
  2 demonic crawler zombies (Spider:4)
  3 bloated husks
  4 meliai zombies
  2 moth of wrath zombies (Spider:4)
  7 tarantella zombies
  3 culicivora zombies
  6 jumping spider zombies
  A spriggan (Swamp:1)
  A tyrant leech zombie (Swamp:4)
  2 vampire mosquitoes (Swamp:1)
  A human zombie (Vaults:1)
  A two-headed ogre zombie (D:15)
  A cane toad zombie (Lair:2)
  4 elephant zombies
  An elf zombie (D:15)
  A blink frog zombie (Lair:3)
  3 hog zombies (Swamp:3)
  2 swamp dragon zombies (Swamp:4)
  9 vampire mosquito zombies
  A yaktaur zombie (Vaults:1)
  A fire crab zombie (D:14)
  A komodo dragon zombie (D:13)
  A cyclops zombie (D:15)
  3 water moccasin zombies (Lair:5)
  5 spriggan zombies
  4 yak zombies
  2 wolf zombies (Lair:4)
  3 bullfrog zombies
  10 centaur zombies
  A kobold zombie (D:11)
  2 killer bee zombies
  An ogre zombie (D:13)
  2 spectral electric eels
  2 gnoll zombies (D:10)
  A swamp drake zombie (Swamp:4)
  A kobold (D:3)
  21 orc zombies
  A spectral orc (D:10)
  2 briar patches
  6 foxfires
  33 fungi
  44 plants
  2 withered plants (D:13)
237 creatures vanquished.

Grand Total: 1377 creatures vanquished

Notes
Turn   | Place    | Note
-------+----------+-------------------------------------------
     0 | D:1      | MrRokkomies the Armataur Gladiator began the quest for the
                  | Orb.
     0 | D:1      | Reached XP level 1. HP: 18/18 MP: 1/1
   394 | D:1      | Reached XP level 2. HP: 25/25 MP: 2/2
   917 | D:2      | Found a blossoming altar of Fedhas.
  1119 | D:2      | Reached skill level 1 in Armour
  1187 | D:2      | Found a runed translucent door.
  1188 | D:2      | Noticed Crazy Yiuf
  1231 | D:2      | Reached XP level 3. HP: 32/32 MP: 3/3
  1486 | D:2      | Killed Crazy Yiuf
  1547 | D:3      | Found Nobyss's Book Shoppe.
  1586 | D:3      | Found an opulent altar of Gozag.
  1760 | D:3      | Noticed an ogre
  1771 | D:3      | Reached XP level 4. HP: 38/39 MP: 4/4
  1779 | D:3      | Killed an ogre
  1780 | D:3      | Reached XP level 5. HP: 40/48 MP: 5/5
  1792 | D:3      | Found Pahiatu's Weapon Shop.
  1903 | D:3      | Found a burning altar of Makhleb.
  1960 | D:3      | Found a glowing drain.
  1969 | Sewer    | Entered a sewer
  2077 | Sewer    | Reached XP level 6. HP: 55/55 MP: 6/6
  2309 | D:3      | Found Sab Quuph's Book Boutique.
  2398 | D:3      | Identified the +6 whip "Curugov" {vorpal, rC+}
  2740 | D:4      | Found a shimmering altar of Xom.
  2817 | D:4      | Found a stormy altar of Qazlal.
  2817 | D:4      | Noticed an air elemental
  2820 | D:4      | Noticed a fire elemental
  2821 | D:4      | Noticed a water elemental
  2850 | D:4      | Found a snail-covered altar of Cheibriados.
  2935 | D:4      | Found a white marble altar of Elyvilon.
  3023 | D:4      | Noticed Blork the orc
  3026 | D:4      | Killed Blork the orc
  3619 | D:5      | Entered Level 5 of the Dungeon
  3723 | D:5      | Found a bloodstained altar of Trog.
  3776 | D:5      | Noticed an ice beast
  3780 | D:5      | Killed an ice beast
  3781 | D:5      | Reached XP level 7. HP: 64/64 MP: 7/7
  3865 | D:5      | Reached skill level 5 in Staves
  4304 | D:6      | Identified the +10 trident "Ydisam" {vamp, Int+3}
  4306 | D:6      | Found a basalt altar of Yredelemnul.
  4339 | D:6      | Found a broken altar of Ashenzari.
  4503 | D:6      | Noticed Edmund
  4523 | D:6      | Killed Edmund
  4526 | D:6      | Reached skill level 5 in Fighting
  4636 | D:6      | Noticed Eustachio
  4650 | D:6      | Killed Eustachio
  4651 | D:6      | Reached XP level 8. HP: 69/72 MP: 8/8
  4985 | D:6      | Found a staircase to the Ecumenical Temple.
  4991 | Temple   | Entered the Ecumenical Temple
  5767 | D:7      | Found Geecipli's Book Shoppe.
  5769 | D:7      | Noticed Duvessa
  5769 | D:7      | Noticed Dowan
  5780 | D:7      | Killed Duvessa
  5787 | D:7      | Killed Dowan
  6241 | D:7      | Reached skill level 5 in Armour
  6988 | D:8      | Noticed Erica
  6998 | D:8      | Killed Erica
  6999 | D:8      | Reached XP level 9. HP: 71/83 MP: 9/9
  7624 | D:8      | Found a staircase to the Lair.
  8131 | D:6      | Became a worshipper of Yredelemnul the Dark
  8220 | Lair:1   | Entered Level 1 of the Lair of Beasts
  8485 | Lair:1   | Noticed a komodo dragon
  8490 | Lair:1   | Killed a komodo dragon
  8490 | Lair:1   | Reached * piety under Yredelemnul
  8491 | Lair:1   | Reached skill level 1 in Invocations
  8656 | Lair:1   | Noticed a boulder beetle
  8687 | Lair:1   | Killed a boulder beetle
  9084 | D:3      | Bought a +0 lajatang of electrocution for 474 gold pieces
  9387 | Lair:2   | Noticed a cane toad
  9392 | Lair:2   | Killed a cane toad
  9393 | Lair:2   | Reached XP level 10. HP: 82/94 MP: 11/11
  9493 | Lair:2   | Noticed an elephant
  9494 | Lair:2   | Noticed an elephant
  9501 | Lair:2   | Noticed an elephant
  9507 | Lair:2   | Killed an elephant
  9509 | Lair:2   | Killed an elephant
  9509 | Lair:2   | Reached ** piety under Yredelemnul
  9509 | Lair:2   | Noticed an elephant
  9517 | Lair:2   | Killed an elephant
  9518 | Lair:2   | Killed an elephant
  9601 | Lair:2   | Noticed Nergalle
  9604 | Lair:2   | Killed Nergalle
  9845 | Lair:2   | Reached *** piety under Yredelemnul
  9908 | Lair:2   | Noticed an elephant
  9908 | Lair:2   | Noticed an elephant
  9908 | Lair:2   | Noticed an elephant
  9916 | Lair:2   | Killed an elephant
  9921 | Lair:2   | Killed an elephant
  9922 | Lair:2   | Reached **** piety under Yredelemnul
  9924 | Lair:2   | Killed an elephant
  9924 | Lair:2   | Reached ***** piety under Yredelemnul
  9925 | Lair:2   | Reached XP level 11. HP: 59/103 MP: 14/14
 10006 | Lair:2   | Reached ****** piety under Yredelemnul
 10037 | Lair:2   | You fall into a shaft and drop 1 floor!
 10097 | Lair:3   | Reached skill level 10 in Staves
 10204 | Lair:3   | Reached skill level 5 in Invocations
 10209 | Lair:3   | Reached skill level 10 in Fighting
 10270 | Lair:3   | Found a staircase to the Swamp.
 10374 | Lair:3   | Found a hole to the Spider Nest.
 11105 | Lair:4   | Noticed Rupert
 11738 | D:9      | Found a faded altar of an unknown god.
 11743 | D:9      | Found a blossoming altar of Fedhas.
 11745 | D:9      | Found a faded altar of an unknown god.
 11747 | D:9      | Found a hide-covered altar of Uskayaw.
 11750 | D:9      | Found an ornate altar of the Wu Jian Council.
 11850 | D:9      | Found a glowing golden altar of the Shining One.
 12027 | D:10     | Entered Level 10 of the Dungeon
 12065 | D:10     | Found a staircase to the Orcish Mines.
 12066 | D:10     | Noticed an orc knight
 12089 | D:10     | Killed an orc knight
 12359 | D:10     | Reached XP level 12. HP: 83/115 MP: 16/16
 12428 | D:10     | Found a glowing silver altar of Zin.
 12539 | D:10     | Found an iron altar of Okawaru.
 12834 | D:10     | Found a sacrificial altar of Ru.
 13041 | D:10     | Reached XP level 13. HP: 121/121 MP: 16/19
 13041 | D:10     | Reached XP level 14. HP: 130/130 MP: 16/20
 13083 | Orc:1    | Entered Level 1 of the Orcish Mines
 13091 | Orc:1    | You fall into a shaft and drop 1 floor!
 13091 | Orc:2    | Entered Level 2 of the Orcish Mines
 13327 | Orc:2    | Found a staircase to the Elven Halls.
 13840 | Orc:2    | Reached skill level 10 in Armour
 14104 | Orc:1    | Noticed Urug
 14113 | Orc:1    | Killed Urug
 14472 | Lair:4   | HP: 5/132 [Rupert/+7 vorpal battleaxe (7)]
 14616 | Lair:4   | Found a runed translucent gate.
 14617 | Lair:4   | Found a runed translucent gate.
 14618 | Lair:4   | Found a runed translucent gate.
 14619 | Lair:4   | Noticed Kirkhe's ghost (journeyman DsIE)
 14848 | Lair:4   | Noticed Nessos
 14862 | Lair:4   | Killed Nessos
 14967 | Lair:4   | Killed Rupert
 15362 | Lair:5   | Entered Level 5 of the Lair of Beasts
 15455 | Lair:5   | Reached skill level 10 in Invocations
 15858 | Lair:5   | Found a staircase to the Slime Pits.
 16198 | Lair:5   | Reached XP level 15. HP: 81/144 MP: 22/22
 16981 | Orc:2    | Found Xesidugh's Antique Armour Shop.
 17109 | Orc:2    | Found Huga's Distillery.
 17127 | Orc:2    | Bought a potion of heal wounds for 60 gold pieces
 17127 | Orc:2    | Bought a potion of ambrosia for 96 gold pieces
 17337 | Orc:2    | Found Edez's Antique Weapon Boutique.
 17384 | Orc:2    | Found Tuyskest's Antique Weapon Shop.
 17933 | D:11     | Paralysed by you for 5 turns
 18288 | D:11     | You fall into a shaft and drop 1 floor!
 18292 | D:12     | Found Jomiq's Book Shoppe.
 18396 | D:12     | Noticed a tengu reaver
 18442 | D:12     | Killed a tengu reaver
 18442 | D:12     | Enslaved a tengu reaver
 18540 | D:12     | Reached skill level 5 in Throwing
 18922 | D:12     | Identified the +5 battleaxe of the Spider Nest {speed,
                  | Dex+3}
 20029 | D:13     | Noticed Lodul
 20043 | D:13     | Killed Lodul
 20812 | D:14     | Found a runed translucent door.
 20812 | D:14     | Noticed Qetzeseq's ghost (journeyman MeCj)
 21253 | D:14     | Found a gate to the Vaults.
 21266 | D:14     | Reached XP level 16. HP: 135/157 MP: 24/24
 21683 | D:7      | Bought a manual of Throwing for 1120 gold pieces
 21840 | D:15     | Entered Level 15 of the Dungeon
 22065 | D:15     | Reached skill level 15 in Fighting
 22072 | D:15     | Identified a scroll of acquirement
 22072 | D:15     | Acquired the +2 pair of gloves "Husom" {rF+ rC- Dex+8}
 22321 | D:15     | Found a staircase to the Depths.
 22350 | D:15     | Reached skill level 1 in Evocations
 22492 | D:15     | Found a portal to a secret trove of treasure.
 22701 | D:15     | Reached skill level 5 in Dodging
 22943 | D:15     | Found a broken altar of Ashenzari.
 23096 | D:15     | Identified the +6 broad axe of Insufficient Pleasure
                  | {antimagic, *Rage rPois rN+}
 23456 | Spider:1 | Entered Level 1 of the Spider Nest
 23489 | Spider:1 | Identified Roxanne's Guidebook on Clay
 23489 | Spider:1 | Noticed Roxanne
 23587 | Spider:1 | Reached skill level 10 in Throwing
 23859 | Spider:1 | Upgraded the game from 0.30-a0-313-gae38170b09 to
                  | 0.30-a0-321-gf7783e6616
 24157 | Spider:1 | Paralysed by a jorogumo for 2 turns
 25095 | Spider:2 | Identified the +4 trident of Absolution {freeze, rElec
                  | Will+ Str-3}
 25348 | Spider:2 | Acquired the ring of the Median {Fly rElec rPois Int+4
                  | SInv}
 25646 | Spider:3 | Reached XP level 17. HP: 164/164 MP: 26/26
 25717 | Spider:3 | Noticed Nikola
 25729 | Spider:3 | Killed Nikola
 25741 | Spider:3 | Noticed Tacil's ghost (adept DsGl)
 25765 | Spider:3 | Found a transporter.
 25768 | Spider:3 | Found a transporter.
 26317 | Spider:4 | Entered Level 4 of the Spider Nest
 26344 | Spider:4 | Reached skill level 5 in Evocations
 27044 | Spider:4 | Got a gossamer rune of Zot
 27641 | Orc:2    | Bought the +5 glaive of the Guard {elec, spectral, AC+5}
                  | for 2214 gold pieces
 27641 | Orc:2    | Found the +5 glaive of the Guard {elec, spectral, AC+5}
 27841 | Swamp:1  | Entered Level 1 of the Swamp
 27878 | Swamp:1  | Reached skill level 1 in Polearms
 28066 | Swamp:1  | Reached XP level 18. HP: 103/174 MP: 28/28
 28651 | Swamp:2  | Found a transporter.
 28921 | Swamp:2  | Found a transporter.
 29303 | Swamp:2  | Identified the ring "Epulig" {rPois SInv}
 29305 | Swamp:2  | Identified the +1 pair of boots of Evolution {rF+ Will++}
 29380 | Swamp:3  | Noticed Mara
 29380 | Swamp:3  | Noticed Aizul
 29380 | Swamp:3  | Noticed Donald
 29732 | Swamp:3  | Killed Aizul
 29831 | Swamp:3  | Your ally Aizul died
 29834 | Swamp:3  | Killed Donald
 29914 | Swamp:3  | Noticed Kirke
 29924 | Swamp:3  | Killed Kirke
 29925 | Swamp:3  | Reached skill level 15 in Throwing
 29975 | Swamp:3  | Noticed MrRokkomies's illusion
 29984 | Swamp:3  | Killed Mara
 30247 | Swamp:4  | Entered Level 4 of the Swamp
 30592 | Swamp:4  | Reached skill level 5 in Polearms
 30830 | Swamp:4  | Got a decaying rune of Zot
 31378 | Vaults:1 | Entered Level 1 of the Vaults
 31471 | Vaults:1 | Identified the +8 dagger of Ruokh {spect, rPois rN+ Str+6}
 31595 | Vaults:1 | Noticed Zenata
 31602 | Vaults:1 | Slain by a +1 halberd of protection

Illustrated notes

Levels and vault maps discovered:
D:1:      pf_arrival_petrified_forest, layout_basic
D:2:      layout_loops_ring, basic_altar, minmay_tree_intersection,
          uniq_crazy_yiuf_cottage
D:3:      layout_basic, lightli_temple_of_fire, lemuel_coloured_pillars_altar,
          serial_shops, shop, nicolae_lakefront_shop,
          nicolae_shop_bloodbath_and_beyond, gup_sewer_entry_bowl
D:4:      layout_loops_corners, mainiacjoe_overflow_catwalk,
          lemuel_doored_altar, nicolae_qazlal_style_of_elements,
          elyvilon_altar_5, serial_rivers, chequers_serial_rivers_micro_d,
          chequers_serial_rivers_large_a, chequers_serial_rivers_small_b,
          chequers_serial_rivers_small_b, chequers_serial_rivers_small_3,
          kennysheep_doodads, uniq_blork_the_orc
D:5:      layout_basic, trog_three_pillars_becter
D:6:      layout_basic, mainiacjoe_overflow_chevrons, amcnicky_altar_gilded,
          minmay_temple_entry_nine_rooms, uniq_eustachio, uniq_edmund
D:7:      layout_basic, serial_shops, nicolae_shop_window_shopping, uniq_duvessa
D:8:      layout_layer_cave, dpeg_oklobed_lair, uniq_erica
D:9:      layout_roguey, marbit_many_paths, chequers_temple_overflow_minitemple,
          eino_small_chamber_without_monster
D:10:     layout_basic, nicolae_ru_sacrificial_ziggurat,
          mainiacjoe_overflow_alcove_4, nicolae_overflow_hidden_temple,
          david_orc_5
D:11:     layout_stronghold, chequers_serial_rivers_marsh
D:12:     layout_cave_pools, serial_glass, glass_columns_a, glass_columns_a,
          glass_columns_b, glass_columns_a, glass_columns_a, glass_columns_a,
          due_unseen_surprise, item_on_display_a, minmay_strange_pillars,
          serial_shops, nicolae_shop_crystal, serial_bayou_ford_a,
          kennysheep_four_rooms
D:13:     layout_irregular_city, serial_undead, serial_undead_a,
          serial_undead_e, serial_undead_e, serial_undead_d, serial_undead_b,
          serial_undead_a, serial_undead_d, serial_undead_b, uniq_lodul
D:14:     layout_stronghold, david_vaults_5, hangedman_abyss_or_decor_slice,
          hellmonk_ghost_happy_afterlife
D:15:     hangedman_depths_entry_try_elsewhere_first, layout_layer_cave,
          evilmike_ruin_ashenzari, enter_trove_6, dreamdust_princess_corridor,
          minivault_10
Temple:   nicolae_temple_two_arcs
Lair:1:   layout_cave_pods, minmay_stone_trees_small, dpeg_stationary_puzzle
Lair:2:   layout_cave_pods, fungi_pond_lemuel, serial_bayou_pond_e,
          uniq_nergalle
Lair:3:   layout_roguey, swamp_mist_pool, spider_nest_entry_rubble,
          chequers_serial_rivers_marsh
Lair:4:   layout_gridlike, gammafunk_ghost_split, uniq_nessos, uniq_rupert
Lair:5:   grunt_lair_end_beastmaster, layout_gridlike, slime_entry_1,
          infiniplex_staircase_pool_2
Swamp:1:  layout_basic_swamp, evilmike_swamp_ruin_rubble_1, swamp_pool2,
          hangedman_swamp_wriggling
Swamp:2:  gammafunk_worm_tunnel, layout_falls_marsh, evilmike_swamp_ruin_house_5
Swamp:3:  layout_falls_marsh, nicolae_swamp_trees_clearing, uniq_mara,
          uniq_aizul, uniq_kirke, uniq_donald
Swamp:4:  swamp_basic_johnstein, layout_basic_swamp, swamp_pool2
Spider:1: layout_chambers, nicolae_spider_webs_and_nodes, uniq_roxanne
Spider:2: layout_spider_delve
Spider:3: layout_spider_delve, nzn_ghost_randoct, hive_lemuel, uniq_nikola
Spider:4: floodkiller_spider_rune_tomb
Orc:1:    layout_diamond_mine, uniq_urug
Orc:2:    pubby_orc_utopia
Vaults:1: vaults_standard_mumra_enter_the_diamond, st_hourglassy,
          nicolae_vaults_theta, nicolae_vaults_big_ls, v_rooms_3,
          nicolae_vaults_little_squares_5, grunt_vaults_swirl,
          hangedman_vaults_trim, ontoclasm_vaults_gateway, vaults_mumra_lcd,
          vaults_dpeg_encased_lava, vaults_mumra_minichess,
          layout_vaults_big_room, uniq_zenata

Skill      XL: |  1  2  3  4  5  6  7  8  9 10 11 12 13 14 15 16 17 18 |
---------------+-------------------------------------------------------+-----
Fighting       | 2 3 4 5 6 7 9 10 13 14 15 | 15.1
Staves         | 3 4 5 7 8 9 10 13 14 | 14.0
Armour         | 1 2 3 4 5 6 8 9 11 13 | 13.8
Dodging        | 3 4 6 8 |  8.5
Invocations    | 2 4 5 8 10 11 12 13 14 | 14.4
Throwing       | 2 7 11 14 15 | 15.7
Evocations     | 3 6 8 |  8.0
Polearms       | 1 6 |  6.2

Action                   |  1- 3 |  4- 6 |  7- 9 | 10-12 | 13-15 | 16-18 || total
-------------------------+-------+-------+-------+-------+-------+-------++-------
Melee: Quarterstaff      |    61 |    91 |    15 |       |       |       ||   167
       Tailslap          |     8 |    10 |    19 |    30 |   148 |   226 ||   441
       Trident           |       |       |   203 |       |    44 |    64 ||   311
       Punch             |       |       |     2 |       |       |     2 ||     4
       Lajatang          |       |       |     4 |   270 |   800 |   921 ||  1995
       Glaive            |       |       |       |       |       |     1 ||     1
Throw: Throwing net      |     1 |       |       |       |     3 |       ||     4
       Dart              |       |       |       |    10 |     7 |       ||    17
       Boomerang         |       |       |       |       |     2 |    30 ||    32
Invok: Recall Undead Har |       |       |       |       |     7 |     1 ||     8
       Bind Soul         |       |       |       |       |     2 |     3 ||     5
       Drain Life        |       |       |       |       |     2 |     4 ||     6
       Dark Bargain      |       |       |       |       |       |     2 ||     2
Evoke: Wand              |       |       |     2 |       |     3 |     4 ||     9
       Condenser vane    |       |       |       |       |     1 |     1 ||     2
       Box of beasts     |       |       |       |       |       |     1 ||     1
       Lightning rod     |       |       |       |       |       |     1 ||     1
  Use: Scroll            |     3 |     7 |    11 |     5 |    18 |     8 ||    52
       Potion            |       |       |     2 |     2 |     9 |     4 ||    17
 Stab: Distracted        |       |       |     1 |     1 |     5 |    22 ||    29
       Petrified         |       |       |       |       |     3 |       ||     3
       Held in net/web   |       |       |       |       |     1 |     1 ||     2
       Confused          |       |       |       |       |     1 |       ||     1
Armor: Leather armour    |    24 |    25 |       |       |       |       ||    49
       Chain mail        |       |    18 |    80 |       |   588 |   887 ||  1573
       Scale mail        |       |       |     3 |   120 |    74 |       ||   197
Dodge: Dodged            |    35 |    41 |    77 |   155 |   303 |   476 ||  1087

Table legend: (Time is in decaauts)
 A = Elapsed time spent in this place.
 B = Non-inter-level travel time spent in this place.
 C = Inter-level travel time spent in this place.
 D = Time resting spent in this place.
 E = Time spent auto-exploring this place.
 F = Levels seen in this place.
 G = Mean time per level.
                   A        B        C        D        E       F      G
               +--------+--------+--------+--------+--------+-----+--------+
         Total |  31237 |  28114 |   3123 |   1522 |  21497 |  33 |  946.6 |
       Dungeon |  15710 |  13962 |   1748 |    385 |  11631 |  15 | 1047.3 |
        Temple |    592 |    581 |     11 |    400 |    134 |   1 |  592.0 |
          Lair |   5011 |   4289 |    722 |      3 |   3565 |   5 | 1002.2 |
         Swamp |   3190 |   2930 |    260 |    542 |   1632 |   4 |  797.5 |
   Spider Nest |   3889 |   3739 |    150 |    189 |   2654 |   4 |  972.2 |
  Orcish Mines |   2361 |   2132 |    229 |      0 |   1611 |   2 | 1180.5 |
        Vaults |    210 |    210 |      0 |      2 |    113 |   1 |  210.0 |
         Sewer |    270 |    270 |      0 |      0 |    155 |   1 |  270.0 |
               +--------+--------+--------+--------+--------+-----+--------+

Top non-repeatable levels by time:
   Orc:2: 1837 daAuts
     D:8: 1741 daAuts
Spider:1: 1547 daAuts
    D:15: 1389 daAuts
  Lair:2: 1196 daAuts
    D:10: 1186 daAuts
    D:14: 1176 daAuts
    D:11: 1174 daAuts
     D:7: 1167 daAuts
  Lair:5: 1016 daAuts
Spider:4: 1014 daAuts
  Lair:1: 992 daAuts
     D:6: 991 daAuts
     D:3: 986 daAuts
 Swamp:2: 968 daAuts
